 Dungeon Crawl Stone Soup version 0.30-a0-756-gc2185399d4 (webtiles) character file.

Game seed: 6828591639546749555

43 sanka the Trooper (level 3, -2/24 HPs)
             Began as a Gargoyle Fighter on Feb 9, 2023.
             Slain by a goblin
             ... wielding a +0 dagger
             ... led by Robin
              (3 damage)
             ... on level 2 of the Dungeon.
             The game lasted 00:01:50 (1103 turns).

sanka the Trooper (Gargoyle Fighter)                Turns: 1103, Time: 00:01:50

Health: -2/24      AC: 10    Str: 21    XL:     3   Next: 58%
Magic:  3/3        EV:  9    Int:  8    God:
Gold:   14         SH:  4    Dex:  9    Spells: 2/2 levels left

rFire   . . .      SeeInvis .    a - +0 flail
rCold   . . .      Faith    .    c - +0 buckler
rNeg    + . .      Spirit   .    b - +0 scale mail
rPois   ∞          Reflect  .    (no helmet)
rElec   +          Harm     .    (no cloak)
rCorr   .          Rampage  .    (no gloves)
Will    .....                    (no boots) Stlth
                                 (no amulet)
HPRegen 0.24/turn                (no ring)
MPRegen 0.08/turn                (no ring)

@: no status effects
A: sickness immunity, AC +3, negative energy resistance 1, electricity
resistance, torment resistance 1, petrification resistance
a: no special abilities


You were on level 2 of the Dungeon.
You visited 1 branch of the dungeon, and saw 2 of its levels.

You collected 14 gold pieces.


Innate Abilities, Weirdness & Mutations

You are immune to sickness and miasma.
Your stone body is resilient. (AC +3)
You are immune to poison.
You resist negative energy. (rN+)
You are resistant to electric shocks. (rElec)
You are resistant to unholy torment.
You are immune to petrification.


   Skills:
 - Level 4.0 Fighting
 + Level 3.3 Maces & Flails
 - Level 3.2 Armour
 - Level 3.2 Shields


You had 2 spell levels left.
You didn't know any spells.
Your spell library was empty.

Inventory:

Hand Weapons
 a - a +0 flail (weapon)
Armour
 b - a +0 scale mail (worn)
 c - a +0 buckler (worn)
 k - a scarf of resistance
Scrolls
 f - a scroll of identify {@r1}
 h - a scroll of teleportation {unknown}
 i - a scroll of fear {unknown}
Potions
 d - a potion of might

Dungeon Overview and Level Annotations

Branches:
Dungeon (2/15)

Altars:

Annotations:
D:2 Robin

▒▒. ▒ ... . ▒▒..▒ ▒£
▒.... ▒.▒▒... ....▒
▒▒▒▒▒g..▒▒▒▒▒
▒▒?g8ggg..▒▒.▒
▒▒▒..▒▒▒▒g..▒▒.▒
▒[..▒▒..g.▒..▒.▒▒ ▒▒▒▒
▒.....S.▒▒▒▒...g▒▒▒▒...
▒...▒▒▒▒.▒ ▒▒▒g......▒
▒...▒ ▒.▒ ▒gg▒....▒▒
▒▒▒▒▒ ▒▒.▒▒▒.g..▒▒..▒
▒....g..▒▒▒▒▒†.
▒.▒▒....g ▒...▒


You could see Robin, 2 hobgoblins and 3 goblins.


Message History

You closely miss the goblin. You block the goblin's attack.
The goblin hits you but does no damage. The goblin hits you with a +0 club.
* * * LOW HITPOINT WARNING * * *
The goblin barely misses you.
Robin flexes a bicep menacingly.
You miss the goblin.
The goblin no longer looks unusually strong.
Robin roars a battlecry!
The goblins go into a battle-frenzy!
The goblin hits you but does no damage. The goblin hits you but does no damage.
You closely miss the goblin.
The hobgoblin no longer looks unusually strong.
The goblin hits you with a +0 club.
* * * LOW HITPOINT WARNING * * *
The goblin hits you but does no damage.
It was a potion of haste.
You feel yourself speed up.
The goblin no longer looks unusually strong.
The goblin no longer looks unusually strong.
The goblin barely misses you. The goblin hits you but does no damage.
It was a potion of cancellation.
Your magical effects are unravelling.
You feel magically purged.
You feel yourself slow down. The goblin hits you with a +0 dagger.
You die...

Action                     || total
---------------------------++-------
  Melee: Flail             ||    90
    Use: Scroll            ||     2
         Potion            ||     2
 Armour: Scale mail        ||    58
  Dodge: Dodged            ||    52
  Block: Buckler           ||    17

Levels and vault maps discovered:
D:1:      shiori_shiawase, layout_basic, minmay_misc_feat_square
D:2:      layout_rooms, grunt_ministairs_2, uniq_robin

Notes
Turn   | Place    | Note
-------+----------+-------------------------------------------
     0 | D:1      | sanka the Gargoyle Fighter began the quest for the Orb.
     0 | D:1      | Reached XP level 1. HP: 14/14 MP: 1/1
   123 | D:1      | Reached XP level 2. HP: 19/19 MP: 2/2
   697 | D:1      | Reached XP level 3. HP: 24/24 MP: 3/3
   777 | D:1      | Reached skill level 4 in Fighting
   829 | D:1      | Identified a scarf of resistance
  1054 | D:2      | Noticed Robin
  1082 | D:2      | Reached skill level 3 in Maces & Flails
  1101 | D:2      | HP: 1/24 [goblin/+0 club[Robin] (3)]
  1103 | D:2      | Slain by a goblin

Vanquished Creatures
  An adder (D:2)
  5 endoplasms (D:1)
  A giant cockroach (D:1)
  5 goblins
  3 hobgoblins (D:1)
  2 ball pythons (D:1)
  2 bats (D:1)
  2 frilled lizards (D:1)
  8 kobolds (D:1)
  2 rats
31 creatures vanquished.
